 Dungeon Crawl Stone Soup version 0.24-a0-779-g36f0aeb843 (webtiles) character file.

Game seed: 6842200465078144633, levelgen mode: deterministic

473 Kerapac the Shield-Bearer (level 6, -3/57 HPs)
             Began as a Deep Dwarf Fighter on Oct 8, 2019.
             Splashed by a jelly's acid (8 damage)
             ... on level 6 of the Dungeon.
             The game lasted 00:16:15 (3500 turns).

Kerapac the Shield-Bearer (Deep Dwarf Fighter)      Turns: 3500, Time: 00:16:16

Health: -3/57      AC:  0    Str: 21    XL:     6   Next: 83%
Magic:  5/5        EV:  7    Int:  9    God:
Gold:   183        SH: 11    Dex: 12    Spells: 5/5 levels left

rFire    . . .     SeeInvis .   o - +0 broad axe
rCold    . . .     Gourm    .   c - +1 shield
rNeg     . . .     Faith    .   b - +0 scale mail
rPois    .         Spirit   .   (no helmet)
rElec    .         Reflect  .   (no cloak)
rCorr    .         Harm     .   g - +2 pair of gloves
MR       .....                  r - +0 pair of boots
Stlth    ..........             (no amulet)
HPRegen  0.00/turn              (no ring)
MPRegen  0.09/turn              (no ring)

@: corroded, non-regenerating
A: damage resistance, heal wounds, sense surroundings 1, no regeneration
a: Heal Wounds


You were on level 6 of the Dungeon.
You were hungry.

You visited 1 branch of the dungeon, and saw 6 of its levels.
You also visited: Ossuary.

You collected 211 gold pieces.
You spent 28 gold pieces at shops.

Inventory:

Hand Weapons
 a - a +0 war axe
 o - a +0 broad axe (weapon)
Armour
 b - a +0 scale mail (worn)
 c - a +1 shield (worn)
 g - a +2 pair of gloves (worn)
 j - a +0 plate armour
 r - a +0 pair of boots (worn)
Jewellery
 x - a cursed -3 ring of dexterity {unknown}
Scrolls
 i - 3 scrolls of teleportation
 k - 2 scrolls of remove curse
Potions
 d - 3 potions of might
 e - a potion of flight
 h - 4 potions of curing
 l - a potion of invisibility
 m - a potion of mutation
 n - a potion of ambrosia {unknown}
 p - 2 potions of haste {unknown}
 q - a potion of agility {unknown}
 s - a potion of berserk rage {unknown}
 t - 2 potions of heal wounds {unknown}
 u - a potion of resistance {unknown}
Comestibles
 f - 6 rations


   Skills:
 + Level 3.9 Fighting
 * Level 5.1 Axes
 + Level 4.7 Armour
 * Level 5.2 Shields


You had 5 spell levels left.
You didn't know any spells.
Your spell library was empty.

Dungeon Overview and Level Annotations

Branches:
Dungeon (6/15)            Ossuary (visited)
 Temple: D:4-7

Altars:
Zin

Shops:
D:4 *


Innate Abilities, Weirdness & Mutations

You are resistant to damage.
You can heal yourself by infusing magical energy.
You passively map a small area around you.
You do not regenerate.


Message History

You barely miss the hound.
The hound is severely wounded.
You block the hound's attack. x2
You slash the hound!
You kill the hound!
You see here a hound corpse.
You hit the jelly but do no damage.
Your hands burn!
* * * LOW HITPOINT WARNING * * *
The jelly hits you but does no damage. The jelly hits you.
The acid corrodes you!
You are splashed with acid.
* * * LOW HITPOINT WARNING * * *
You slash the jelly!
Your hands burn!
The jelly is severely wounded.
The jelly hits you. The acid corrodes you!
You are splashed with acid.
* * * LOW HITPOINT WARNING * * *
Okay, then.
Okay, then.
You fail to use your ability.
The jelly hits you. The acid corrodes you!
You are splashed with acid!
You die...

,#.##.# *
#.##.########### *
,#.#.............
##+#.##############
#...........####
#...###........#
#...# #........#
##.#..#........#
#@#.?#........# *
#J#..#........# *
#?#..#####'#### ,,
..#.........######
***
..##.#............
** #..#*
#.########### *
...# #........# ≈
...# ###.####.####
* , ...........#


You could see a jelly.

Vanquished Creatures
  2 hounds
  A centaur skeleton (D:4)
  2 worker ants
  An iguana (D:5)
  13 mummies (Ossuary)
  3 adders
  3 oozes
  A worm (D:3)
  2 dart slugs (D:1)
  7 leopard geckos
  An orc (D:5)
  12 bats
  6 giant cockroaches
  10 goblins
  5 hobgoblins
  7 jackals
  12 kobolds
  A quokka (D:3)
  A ball python (D:3)
  8 frilled lizards
  2 gnoll skeletons (Ossuary)
  A jackal skeleton (D:5)
  2 kobold skeletons (Ossuary)
  4 orc skeletons (Ossuary)
  4 rats
  11 rat skeletons (Ossuary)
122 creatures vanquished.

Vanquished Creatures (others)
  A goblin (D:1)
  A jackal (D:1)
2 creatures vanquished.

Grand Total: 124 creatures vanquished

Notes
Turn   | Place    | Note
-------+----------+-------------------------------------------
     0 | D:1      | Kerapac the Deep Dwarf Fighter began the quest for the Orb.
     0 | D:1      | Reached XP level 1. HP: 20/20 MP: 1/1
    50 | D:1      | Reached XP level 2. HP: 27/27 MP: 2/2
   239 | D:1      | Reached XP level 3. HP: 17/33 MP: 3/3
  1011 | D:2      | Reached XP level 4. HP: 16/42 MP: 4/4
  2241 | D:4      | Reached XP level 5. HP: 10/49 MP: 5/5
  2250 | D:4      | Found a sand-covered staircase.
  2256 | Ossuary  | Entered an ossuary
  2516 | Ossuary  | Reached XP level 6. HP: 15/56 MP: 5/5
  2860 | D:4      | Found Lig Umn's Assorted Antiques.
  2866 | D:4      | Bought a scroll labeled HORENNU ARCHAAD for 28 gold pieces
  2893 | D:4      | Found a glowing silver altar of Zin.
  2893 | D:4      | Noticed an angel
  2939 | D:4      | Reached skill level 5 in Shields
  3323 | D:5      | Entered Level 5 of the Dungeon
  3424 | D:6      | Reached skill level 5 in Axes
  3500 | D:6      | Splashed by a jelly's acid

Levels and vault maps discovered:
D:1:      shiori_arrival_oz, layout_rooms
D:2:      layout_rooms, kennysheep_doodads, minmay_misc_feat_tower,
          chequers_serial_rivers_marsh, minivault_23
D:3:      layout_basic
D:4:      layout_loops_ring, zin_angel, first_ration, serial_shops,
          nicolae_shop_trees, nicolae_ossuary_entry_plus
D:5:      kennysheep_windowed_halls, layout_cave_pools, serial_shops,
          shop_statue, shop, shop, shop_statue, roderic_serpentine_path
D:6:      layout_basic, gup_sewer_entry_bubbles

Skill      XL: |  1  2  3  4  5  6 |
---------------+-------------------+-----
Fighting       | 3 |  3.9
Axes           | 3 4 5 |  5.1
Armour         | 4 |  4.7
Shields        | 4 5 |  5.2

Action                   |  1- 3 |  4- 6 || total
-------------------------+-------+-------++-------
Melee: War axe           |   162 |     2 ||   164
       Broad axe         |       |   257 ||   257
 Abil: Heal Wounds       |       |     3 ||     3
  Use: Scroll            |     2 |     7 ||     9
       Potion            |       |     2 ||     2
 Stab: Distracted        |       |     1 ||     1
  Eat: Chunk             |       |     5 ||     5
       Ration            |       |     1 ||     1
Armor: Scale mail        |   106 |   110 ||   216
Dodge: Dodged            |    55 |    60 ||   115
Block: Shield            |   123 |   140 ||   263

Table legend:
 A = Non-vault XP
 B = Vault XP
 C = Vault XP percentage of total XP
 D = Non-vault monster count
 E = Vault monster count
 F = Vault count percentage of total count
                 A         B        C        D         E       F
            +---------+---------+-------+---------+---------+-------
      Total |     426 |     250 |  37.0 |      89 |      33 |  27.0
            +---------+---------+-------+---------+---------+-------
        D:1 |      68 |       2 |   2.9 |      32 |       1 |   3.0
        D:2 |      46 |       0 |   0.0 |      14 |       0 |   0.0
        D:3 |      54 |       0 |   0.0 |      28 |       0 |   0.0
        D:4 |     122 |       0 |   0.0 |       4 |       0 |   0.0
        D:5 |      63 |       0 |   0.0 |       9 |       0 |   0.0
        D:6 |      73 |       0 |   0.0 |       2 |       0 |   0.0
    Ossuary |       0 |     248 | 100.0 |       0 |      32 | 100.0
            +---------+---------+-------+---------+---------+-------
